Avalanche vs Islanders
Created - May 8, 2022 at 21:19
Goals
|
| Avalanche |
0 |
1 |
3 |
4 |
| Islanders |
0 |
0 |
2 |
2 |
|
Shots
|
| Avalanche |
8 |
18 |
13 |
39 |
| Islanders |
5 |
13 |
9 |
27 |
|
1st period
No Goal
Penalties :
Brock McGinn (NyI) for Hooking (Minor) at 17:31
2nd period
1. Avalanche , Mikkel Boedker 39 (Bryan Little 48) at 15:00 (PP)
Penalties :
Marc Staal (Col) for Roughing (Minor) at 3:16, Bryan Little (Col) for Interference (Minor) at 6:03, Brock McGinn (NyI) for Hooking (Minor) at 14:59
3rd period
2. Islanders , William Karlsson 11 (Rick Nash 25, Zac Rinaldo 7) at 3:44
3. Islanders , Frans Nielsen 18 (Yann Sauvé 10, Brock McGinn 13) at 6:53
4. Avalanche , Mikkel Boedker 40 (Ilya Kovalchuk 22, Bryan Little 49) at 7:11
5. Avalanche , Bryan Little 30 (Mikkel Boedker 59, Ilya Kovalchuk 23) at 16:15
6. Avalanche , Ilya Kovalchuk 20 (Mikkel Boedker 60, Bryan Little 50) at 18:40 (PP)
Penalties :
Martin Samuelsson (Col) for Hooking (Minor) at 9:41, Zac Rinaldo (NyI) for Hooking (Minor) at 17:08
Goalie Stats
Cam Ward (Col), 25 saves from 27 shots - (0.926), W, 21-14-3, 60:00 minutes
Ryan Miller (NyI), 35 saves from 39 shots - (0.897), L, 18-25-5, 60:00 minutes
Players Stats for Avalanche
Player Name G A P +/- PIM S H SB GA TA FO MP PP MP PK MP
------------------------------------------------------------------------------------
Bryan Little 1 3 4 2 2 3 3 0 5 1 19/28 19:44 1:24 0:16
Charlie Coyle 0 0 0 -1 0 2 0 1 2 0 12/23 19:46 2:08 3:47
Colten Teubert 0 0 0 0 0 0 0 1 0 0 0/0 19:29 1:12 2:28
Erik Karlsson 0 0 0 0 0 2 2 1 0 1 0/0 19:15 2:20 0:00
Evgeny Dadonov 0 0 0 -1 0 2 2 0 0 0 0/0 15:59 2:08 0:00
Ilya Kovalchuk 1 2 3 2 0 3 1 1 0 0 1/2 19:05 1:24 0:00
Jack Johnson 0 0 0 0 0 2 2 3 0 0 0/0 22:41 2:20 3:29
James Van Riemsdyk 0 0 0 -1 0 4 5 2 0 2 0/1 17:01 2:08 0:38
Joel Edmundson 0 0 0 0 0 1 4 1 0 1 0/0 17:04 0:00 1:31
Kyle Turris 0 0 0 0 0 2 4 0 0 0 3/3 9:57 0:00 1:32
Luke Witkowski 0 0 0 0 0 2 0 0 0 0 0/0 11:44 0:00 3:47
Marc Staal 0 0 0 0 2 3 1 1 1 0 0/0 20:17 0:00 1:58
Martin Samuelsson 0 0 0 0 2 2 2 0 0 0 0/1 9:27 0:00 0:50
Mattias Ekholm 0 0 0 0 0 3 0 2 1 1 0/0 21:41 1:12 2:28
Mikkel Boedker 2 2 4 2 0 3 1 0 1 1 0/2 19:05 1:24 0:00
Pavel Buchnevich 0 0 0 -1 0 3 2 0 1 0 0/0 10:10 0:00 0:00
Tomas Fleischmann 0 0 0 -1 0 1 1 0 0 0 0/0 10:10 0:00 0:00
Vincent Trocheck 0 0 0 -1 0 1 1 0 0 3 1/4 11:25 0:00 1:04
Players Stats for Islanders
Player Name G A P +/- PIM S H SB GA TA FO MP PP MP PK MP
------------------------------------------------------------------------------------
Andrew Shaw 0 0 0 0 0 1 1 1 0 1 0/0 7:41 0:00 0:00
Brock McGinn 0 1 1 0 4 0 0 1 0 1 1/2 20:27 3:25 0:00
Craig Smith 0 0 0 -1 0 1 1 0 1 0 0/0 12:01 0:00 0:00
Fedor Tyutin 0 0 0 1 0 1 0 2 0 1 0/0 19:56 2:41 1:36
Frans Nielsen 1 0 1 0 0 2 1 3 1 2 13/34 21:22 3:25 0:59
Justin Falk 0 0 0 -1 0 0 0 1 0 0 0/0 10:52 0:00 0:00
Marc-Édouard Vlasic 0 0 0 -1 0 0 0 0 0 0 0/0 10:41 0:00 0:00
Melker Karlsson 0 0 0 -1 0 1 0 0 1 1 1/3 12:00 0:00 0:14
Michael Latta 0 0 0 0 0 0 1 0 0 0 0/1 7:35 0:00 0:00
Nikita Zadorov 0 0 0 1 0 0 0 1 1 1 0/0 19:54 2:41 1:36
Pierre-Edouard Bellemare 0 0 0 1 0 0 2 0 0 0 1/1 14:24 0:00 0:41
Rick Nash 0 1 1 1 0 6 2 0 2 0 0/0 18:48 2:32 2:19
Ryan Ellis 0 0 0 0 0 6 1 1 3 2 0/0 29:23 3:16 1:56
Sergei Plotnikov 0 0 0 -1 0 1 0 0 0 0 0/0 14:56 2:32 0:32
Vladimir Tarasenko 0 0 0 0 0 2 2 0 1 1 3/7 22:43 3:25 2:19
William Karlsson 1 0 1 1 0 4 0 0 0 0 9/15 16:29 2:32 0:00
Yann Sauvé 0 1 1 0 0 2 3 6 0 1 0/0 29:14 3:16 1:56
Zac Rinaldo 0 1 1 0 2 0 0 0 0 0 0/1 7:59 0:00 0:00
3 Stars
1 - Mikkel Boedker (Col)
2 - Bryan Little (Col)
3 - Ilya Kovalchuk (Col)
Power Play
Avalanche - 2 on 3 Attempt(s) - 66.67%
Islanders - 0 on 3 Attempt(s) - 0.00%
Penalty Kill
Avalanche - 3 on 3 Attempt(s) - 100.00%
- Score 0 goal in Penalty Kill
Islanders - 1 on 3 Attempt(s) - 33.33%
- Score 0 goal in Penalty Kill
Team Stat
Avalanche - Hits : 31 - Faceoff Wins : 36 - Blocked Shots : 13 - Penalty Minutes : 6
Islanders - Hits : 14 - Faceoff Wins : 28 - Blocked Shots : 16 - Penalty Minutes : 6
Official
Referees : Brian Pochmara and Gord Dwyer
Linesman : Kory Nagy and Steve Barton
Game Notes
No Game Note
Finance
Level 1 -- Attendance: 5593 (93.22%) -- Ticket Income $559,300
Level 2 -- Attendance: 5000 (100.00%) -- Ticket Income $300,000
Level 3 -- Attendance: 1825 (91.25%) -- Ticket Income $63,875
Level 4 -- Attendance: 3580 (89.50%) -- Ticket Income $89,500
Luxury Box -- Attendance: 1000 (100.00%) -- Ticket Income $200,000
Game was played at the Nassau Coliseum.
Total Attendance: 16998 (94.43%)
Total Ticket Income: $1,212,675
Other Income: $181,901
Total Income: $1,394,576
Avalanche
5 vs 5 Forward
Center Left Wing Right Wing Time % Phy DF OF
1 Bryan Little Mikkel Boedker Ilya Kovalchuk 35 1 2 2
2 Charlie Coyle James Van Riemsdyk Evgeny Dadonov 30 1 2 2
3 Vincent Trocheck Tomas Fleischmann Pavel Buchnevich 20 1 2 2
4 Kyle Turris Martin Samuelsson Luke Witkowski 15 1 2 2
5 vs 5 Defense
Defense Defense Time % Phy DF OF
1 Jack Johnson Erik Karlsson 35 1 2 2
2 Mattias Ekholm Marc Staal 35 1 2 2
3 Colten Teubert Joel Edmundson 30 1 2 2
4 Jack Johnson Marc Staal 0 1 2 2
PowerPlay Forward
Center Left Wing Right Wing Time % Phy DF OF
1 Bryan Little Mikkel Boedker Ilya Kovalchuk 60 1 2 2
2 Charlie Coyle James Van Riemsdyk Evgeny Dadonov 40 1 2 2
PowerPlay Defense
Defense Defense Time % Phy DF OF
1 Jack Johnson Erik Karlsson 60 1 2 2
2 Colten Teubert Mattias Ekholm 40 1 2 2
Penalty Kill 4 Players Forward
Center Wing Time % Phy DF OF
1 Charlie Coyle Luke Witkowski 60 1 2 2
2 Kyle Turris Martin Samuelsson 40 1 2 2
Penalty Kill 4 Players Defense
Defense Defense Time % Phy DF OF
1 Jack Johnson Marc Staal 60 1 2 2
2 Colten Teubert Mattias Ekholm 40 1 2 2
Penalty Kill - 3 Players Forward
Forward Time % Phy DF OF
1 Mikkel Boedker 60 1 2 2
2 Bryan Little 40 1 2 2
Penalty Kill - 3 Players Defense
Defense Defense Time % Phy DF OF
1 Jack Johnson Marc Staal 60 1 2 2
2 Erik Karlsson Mattias Ekholm 40 1 2 2
4 vs 4 Forward
Center Wing Time % Phy DF OF
1 Mikkel Boedker Bryan Little 60 1 2 2
2 Ilya Kovalchuk Charlie Coyle 40 1 2 2
4 vs 4 Defense
Defense Defense Time % Phy DF OF
1 Jack Johnson Marc Staal 60 1 2 2
2 Erik Karlsson Mattias Ekholm 40 1 2 2
Last Minutes Offensive
Center Left Wing Right Wing Defense Defense
Bryan Little Mikkel Boedker Ilya Kovalchuk Jack Johnson Marc Staal
Last Minutes Defensive
Center Left Wing Right Wing Defense Defense
Bryan Little Mikkel Boedker Ilya Kovalchuk Jack Johnson Marc Staal
Goaltenders
Starting : Cam Ward
Backup : Semyon Varlamov
Extra Forwards
Normal : Luke Witkowski, James Van Riemsdyk, Vincent Trocheck - PP : Luke Witkowski, James Van Riemsdyk - PK : Vincent Trocheck
Extra Defensemen
Normal : Colten Teubert, Joel Edmundson, Erik Karlsson - PP : Colten Teubert - PK : Joel Edmundson, Erik Karlsson
Penalty Shots
Mikkel Boedker, Bryan Little, Ilya Kovalchuk, Charlie Coyle, Evgeny Dadonov
Scratches
Patric Hornqvist (Fractured Metatarsal (Right Foot) Injury)
Islanders
5 vs 5 Forward
Center Left Wing Right Wing Time % Phy DF OF
1 Frans Nielsen Brock McGinn Vladimir Tarasenko 40 1 2 2
2 William Karlsson Pierre-Edouard Bellemare Rick Nash 30 1 2 2
3 Melker Karlsson Sergei Plotnikov Craig Smith 20 1 2 2
4 Michael Latta Zac Rinaldo Andrew Shaw 10 1 2 2
5 vs 5 Defense
Defense Defense Time % Phy DF OF
1 Ryan Ellis Yann Sauvé 40 1 2 2
2 Fedor Tyutin Nikita Zadorov 30 1 2 2
3 Marc-Édouard Vlasic Justin Falk 20 1 2 2
4 Ryan Ellis Yann Sauvé 10 1 2 2
PowerPlay Forward
Center Left Wing Right Wing Time % Phy DF OF
1 Frans Nielsen Brock McGinn Vladimir Tarasenko 60 1 2 2
2 William Karlsson Sergei Plotnikov Rick Nash 40 1 2 2
PowerPlay Defense
Defense Defense Time % Phy DF OF
1 Ryan Ellis Yann Sauvé 60 1 2 2
2 Fedor Tyutin Nikita Zadorov 40 1 2 2
Penalty Kill 4 Players Forward
Center Wing Time % Phy DF OF
1 Vladimir Tarasenko Rick Nash 60 1 2 2
2 Frans Nielsen Pierre-Edouard Bellemare 40 1 2 2
Penalty Kill 4 Players Defense
Defense Defense Time % Phy DF OF
1 Ryan Ellis Yann Sauvé 60 1 2 2
2 Fedor Tyutin Nikita Zadorov 40 1 2 2
Penalty Kill - 3 Players Forward
Forward Time % Phy DF OF
1 Vladimir Tarasenko 60 1 2 2
2 Rick Nash 40 1 2 2
Penalty Kill - 3 Players Defense
Defense Defense Time % Phy DF OF
1 Ryan Ellis Yann Sauvé 60 1 2 2
2 Fedor Tyutin Nikita Zadorov 40 1 2 2
4 vs 4 Forward
Center Wing Time % Phy DF OF
1 Vladimir Tarasenko Rick Nash 60 1 2 2
2 Frans Nielsen Pierre-Edouard Bellemare 40 1 2 2
4 vs 4 Defense
Defense Defense Time % Phy DF OF
1 Ryan Ellis Yann Sauvé 60 1 2 2
2 Fedor Tyutin Nikita Zadorov 40 1 2 2
Last Minutes Offensive
Center Left Wing Right Wing Defense Defense
Frans Nielsen Pierre-Edouard Bellemare Vladimir Tarasenko Ryan Ellis Yann Sauvé
Last Minutes Defensive
Center Left Wing Right Wing Defense Defense
Frans Nielsen Pierre-Edouard Bellemare Vladimir Tarasenko Ryan Ellis Yann Sauvé
Goaltenders
Starting : Ryan Miller
Backup : Keith Kinkaid
Extra Forwards
Normal : Zac Rinaldo, Craig Smith, Brock McGinn - PP : Zac Rinaldo, Craig Smith - PK : Brock McGinn
Extra Defensemen
Normal : Marc-Édouard Vlasic, Justin Falk, Fedor Tyutin - PP : Marc-Édouard Vlasic - PK : Justin Falk, Fedor Tyutin
Penalty Shots
Vladimir Tarasenko, Rick Nash, Frans Nielsen, Pierre-Edouard Bellemare, Sergei Plotnikov
Scratches
Carl Klingberg (Healthy), Jiri Hudler (Healthy), Julien Ellis (Healthy)
% Time on Ice - Avalanche
Lines # - Real PCT - Wanted PCT - Time Play
Normal Forward
1 - 36% - 35% - 18:05
2 - 28% - 30% - 14:19
3 - 20% - 20% - 10:10
4 - 16% - 15% - 7:57
Normal Defense
1 - 35% - 35% - 17:38
2 - 35% - 35% - 17:43
3 - 30% - 30% - 15:10
4 - 0% - 0% - 0:00
PP Forward
1 - 40% - 60% - 1:24
2 - 60% - 40% - 2:08
PP Defense
1 - 66% - 60% - 2:20
2 - 34% - 40% - 1:12
PK Forward
1 - 74% - 60% - 4:25
2 - 26% - 40% - 1:32
PK Defense
1 - 59% - 60% - 3:29
2 - 41% - 40% - 2:28
PK3 Forward
1 - 0% - 60%
2 - 0% - 40%
PK3 Defense
1 - 0% - 60%
2 - 0% - 40%
44 Forward
1 - 0% - 60%
2 - 0% - 40%
44 Defense
1 - 0% - 60%
2 - 0% - 40%
Last Minute Offensive - 0:00
Last Minute Defensive - 0:00
Total
Forward - 60:00
Defense - 60:00
|
% Time on Ice - Islanders
Lines # - Real PCT - Wanted PCT - Time Play
Normal Forward
1 - 34% - 40% - 17:13
2 - 28% - 30% - 13:57
3 - 23% - 20% - 11:46
4 - 15% - 10% - 7:35
Normal Defense
1 - 42% - 40% - 21:16
2 - 31% - 30% - 15:37
3 - 21% - 20% - 10:39
4 - 6% - 10% - 2:59
PP Forward
1 - 57% - 60% - 3:25
2 - 43% - 40% - 2:32
PP Defense
1 - 55% - 60% - 3:16
2 - 45% - 40% - 2:41
PK Forward
1 - 81% - 60% - 2:51
2 - 19% - 40% - 0:41
PK Defense
1 - 55% - 60% - 1:56
2 - 45% - 40% - 1:36
PK3 Forward
1 - 0% - 60%
2 - 0% - 40%
PK3 Defense
1 - 0% - 60%
2 - 0% - 40%
44 Forward
1 - 0% - 60%
2 - 0% - 40%
44 Defense
1 - 0% - 60%
2 - 0% - 40%
Last Minute Offensive - 0:00
Last Minute Defensive - 0:00
Total
Forward - 60:00
Defense - 60:00
|
Play-by-Play
1st period
0:01 of 1st period - Bryan Little wins face-off versus Frans Nielsen in neutral zone.
0:39 of 1st period - Jack Johnson is hit by Rick Nash.
1:44 of 1st period - Snap shot by Bryan Little.
1:44 of 1st period - Stopped by Ryan Miller without a rebound.
1:45 of 1st period - William Karlsson wins face-off versus Charlie Coyle in Islanders zone.
2:00 of 1st period - Rick Nash is hit by Evgeny Dadonov and loses puck.
2:35 of 1st period - Craig Smith is hit by Jack Johnson and loses puck.
3:00 of 1st period - Nikita Zadorov is hit by Joel Edmundson and loses puck.
3:16 of 1st period - Icing by Nikita Zadorov.
3:17 of 1st period - William Karlsson wins face-off versus Martin Samuelsson in Islanders zone.
3:26 of 1st period - Slapshot by William Karlsson.
3:26 of 1st period - Stopped by Cam Ward with a rebound.
3:31 of 1st period - Off-side.
3:32 of 1st period - Frans Nielsen wins face-off versus Mikkel Boedker in neutral zone.
3:47 of 1st period - Snap shot by Erik Karlsson.
3:47 of 1st period - Shot Blocked by Frans Nielsen.
3:59 of 1st period - Brock McGinn is hit by Erik Karlsson and loses puck.
4:10 of 1st period - Snap shot by Pavel Buchnevich.
4:10 of 1st period - Stopped by Ryan Miller with a rebound.
4:12 of 1st period - Snap shot by Pavel Buchnevich.
4:12 of 1st period - Shot Misses the Net.
4:28 of 1st period - Snap shot by Rick Nash.
4:28 of 1st period - Shot Blocked by Mattias Ekholm.
4:30 of 1st period - Slapshot by Yann Sauvé.
4:30 of 1st period - Stopped by Cam Ward without a rebound.
4:31 of 1st period - William Karlsson wins face-off versus Ilya Kovalchuk in Avalanche zone.
5:10 of 1st period - Slapshot by Fedor Tyutin.
5:10 of 1st period - Shot Misses the Net.
5:29 of 1st period - Icing by Sergei Plotnikov.
5:30 of 1st period - Charlie Coyle wins face-off versus Melker Karlsson in Islanders zone.
5:41 of 1st period - Snap shot by Charlie Coyle.
5:41 of 1st period - Stopped by Ryan Miller with a rebound.
5:57 of 1st period - Snap shot by Pavel Buchnevich.
5:57 of 1st period - Shot Misses the Net.
6:26 of 1st period - Wrist shot by Rick Nash.
6:26 of 1st period - Deflect By Luke Witkowski.
6:26 of 1st period - Stopped by Cam Ward without a rebound.
6:27 of 1st period - Bryan Little wins face-off versus William Karlsson in Avalanche zone.
7:28 of 1st period - Snap shot by Michael Latta.
7:28 of 1st period - Shot Blocked by Erik Karlsson.
8:09 of 1st period - Off-side.
8:10 of 1st period - Bryan Little wins face-off versus Frans Nielsen in neutral zone.
8:50 of 1st period - Martin Samuelsson is hit by Pierre-Edouard Bellemare and loses puck.
9:05 of 1st period - Slapshot by Ryan Ellis.
9:05 of 1st period - Stopped by Cam Ward with a rebound.
9:56 of 1st period - Wrist shot by Fedor Tyutin.
9:56 of 1st period - Shot Misses the Net.
10:10 of 1st period - Snap shot by Kyle Turris.
10:10 of 1st period - Shot Blocked by Justin Falk.
10:12 of 1st period - Slapshot by Kyle Turris.
10:12 of 1st period - Deflect By Rick Nash.
10:12 of 1st period - Stopped by Ryan Miller with a rebound.
10:28 of 1st period - Vincent Trocheck is hit by Craig Smith and loses puck.
11:52 of 1st period - Craig Smith is hit by Pavel Buchnevich and loses puck.
12:13 of 1st period - Slapshot by Fedor Tyutin.
12:13 of 1st period - Shot Blocked by Mattias Ekholm.
12:15 of 1st period - Slapshot by Nikita Zadorov.
12:15 of 1st period - Shot Blocked by Marc Staal.
13:24 of 1st period - Wrist shot by Ryan Ellis.
13:24 of 1st period - Stopped by Cam Ward with a rebound.
13:28 of 1st period - Slapshot by Ryan Ellis.
13:28 of 1st period - Shot Misses the Net.
13:38 of 1st period - Charlie Coyle is hit by Vladimir Tarasenko and loses puck.
13:45 of 1st period - Vladimir Tarasenko is hit by Evgeny Dadonov and loses puck.
13:58 of 1st period - Charlie Coyle is hit by Rick Nash and loses puck.
14:03 of 1st period - Wrist shot by William Karlsson.
14:03 of 1st period - Shot Misses the Net.
14:17 of 1st period - Snap shot by Charlie Coyle.
14:17 of 1st period - Stopped by Ryan Miller without a rebound.
14:18 of 1st period - Bryan Little wins face-off versus Michael Latta in Islanders zone.
14:27 of 1st period - Snap shot by Ilya Kovalchuk.
14:27 of 1st period - Stopped by Ryan Miller with a rebound.
15:06 of 1st period - Pierre-Edouard Bellemare is hit by Kyle Turris.
15:10 of 1st period - Ryan Ellis is hit by Kyle Turris and loses puck.
15:15 of 1st period - Slapshot by Kyle Turris.
15:15 of 1st period - Shot Misses the Net.
17:02 of 1st period - Snap shot by Kyle Turris.
17:02 of 1st period - Shot Misses the Net.
17:04 of 1st period - Snap shot by Joel Edmundson.
17:04 of 1st period - Shot Misses the Net.
17:06 of 1st period - Wrist shot by Martin Samuelsson.
17:06 of 1st period - Shot Misses the Net.
17:08 of 1st period - Slapshot by Colten Teubert.
17:08 of 1st period - Shot Misses the Net.
17:10 of 1st period - Snap shot by Luke Witkowski.
17:10 of 1st period - Stopped by Ryan Miller without a rebound.
17:11 of 1st period - Ilya Kovalchuk wins face-off versus Frans Nielsen in Islanders zone.
17:12 of 1st period - Wrist shot by Bryan Little.
17:12 of 1st period - Stopped by Ryan Miller with a rebound.
17:31 of 1st period - Minor Penalty to Brock McGinn for Hooking.
17:32 of 1st period - Vladimir Tarasenko wins face-off versus Mikkel Boedker in Islanders zone.
19:31 of 1st period - Penalty to Brock McGinn is over, Brock McGinn is back on ice.
19:43 of 1st period - Zac Rinaldo is hit by Marc Staal and loses puck.
19:58 of 1st period - Sergei Plotnikov is hit by Martin Samuelsson and loses puck.
Goals for this period are 0 for Avalanche vs 0 for Islanders.
Shots for this period are 8 for Avalanche vs 5 for Islanders.
2nd period
0:01 of 2nd period - Frans Nielsen wins face-off versus Bryan Little in neutral zone.
0:04 of 2nd period - Wrist shot by Vladimir Tarasenko.
0:04 of 2nd period - Shot Misses the Net.
0:06 of 2nd period - Snap shot by Brock McGinn.
0:06 of 2nd period - Shot Blocked by Ilya Kovalchuk.
0:08 of 2nd period - Slapshot by Frans Nielsen.
0:08 of 2nd period - Stopped by Cam Ward with a rebound.
0:10 of 2nd period - Wrist shot by Frans Nielsen.
0:10 of 2nd period - Shot Misses the Net.
0:35 of 2nd period - Slapshot by Pierre-Edouard Bellemare.
0:35 of 2nd period - Shot Blocked by James Van Riemsdyk.
1:19 of 2nd period - Slapshot by Ryan Ellis.
1:19 of 2nd period - Stopped by Cam Ward without a rebound.
1:20 of 2nd period - Bryan Little wins face-off versus Frans Nielsen in Avalanche zone.
1:49 of 2nd period - Slapshot by Ryan Ellis.
1:49 of 2nd period - Stopped by Cam Ward with a rebound.
2:15 of 2nd period - Snap shot by James Van Riemsdyk.
2:15 of 2nd period - Shot Misses the Net.
2:17 of 2nd period - Slapshot by Luke Witkowski.
2:17 of 2nd period - Shot Blocked by Fedor Tyutin.
2:19 of 2nd period - Snap shot by Martin Samuelsson.
2:19 of 2nd period - Stopped by Ryan Miller without a rebound.
2:20 of 2nd period - Bryan Little wins face-off versus Frans Nielsen in Islanders zone.
2:31 of 2nd period - Wrist shot by Bryan Little.
2:31 of 2nd period - Shot Blocked by Fedor Tyutin.
3:16 of 2nd period - Minor Penalty to Marc Staal for Roughing.
3:17 of 2nd period - Charlie Coyle wins face-off versus Frans Nielsen in Avalanche zone.
3:23 of 2nd period - Slapshot by Ryan Ellis.
3:23 of 2nd period - Deflect By Brock McGinn.
3:23 of 2nd period - Shot Misses the Net.
3:23 of 2nd period - Puck is out of play.
3:24 of 2nd period - Frans Nielsen wins face-off versus Charlie Coyle in Avalanche zone.
3:45 of 2nd period - Wrist shot by Brock McGinn.
3:45 of 2nd period - Shot Misses the Net.
3:47 of 2nd period - Slapshot by Yann Sauvé.
3:47 of 2nd period - Deflect By Frans Nielsen.
3:47 of 2nd period - Shot Misses the Net.
3:47 of 2nd period - Puck is out of play.
3:48 of 2nd period - William Karlsson wins face-off versus Charlie Coyle in Avalanche zone.
3:57 of 2nd period - Snap shot by Sergei Plotnikov.
3:57 of 2nd period - Shot Blocked by Joel Edmundson.
3:59 of 2nd period - Snap shot by Rick Nash.
3:59 of 2nd period - Shot Misses the Net.
4:01 of 2nd period - Slapshot by Yann Sauvé.
4:01 of 2nd period - Shot Blocked by Charlie Coyle.
4:03 of 2nd period - Snap shot by Yann Sauvé.
4:03 of 2nd period - Shot Blocked by Jack Johnson.
4:05 of 2nd period - Wrist shot by William Karlsson.
4:05 of 2nd period - Stopped by Cam Ward without a rebound.
4:06 of 2nd period - Brock McGinn wins face-off versus Charlie Coyle in Avalanche zone.
4:07 of 2nd period - Wrist shot by Frans Nielsen.
4:07 of 2nd period - Shot Misses the Net.
4:09 of 2nd period - Wrist shot by Vladimir Tarasenko.
4:09 of 2nd period - Shot Misses the Net.
4:11 of 2nd period - Slapshot by Vladimir Tarasenko.
4:11 of 2nd period - Shot Blocked by Jack Johnson.
4:13 of 2nd period - Slapshot by Vladimir Tarasenko.
4:13 of 2nd period - Stopped by Cam Ward without a rebound.
4:14 of 2nd period - Charlie Coyle wins face-off versus Frans Nielsen in Avalanche zone.
5:16 of 2nd period - Penalty to Marc Staal is over, Marc Staal is back on ice.
5:26 of 2nd period - Kyle Turris is hit by Michael Latta.
5:30 of 2nd period - Yann Sauvé is hit by Kyle Turris and loses puck.
6:03 of 2nd period - Minor Penalty to Bryan Little for Interference.
6:04 of 2nd period - Charlie Coyle wins face-off versus Frans Nielsen in Avalanche zone.
6:34 of 2nd period - Icing by Nikita Zadorov.
6:35 of 2nd period - Kyle Turris wins face-off versus William Karlsson in Islanders zone.
6:36 of 2nd period - Snap shot by Martin Samuelsson.
6:36 of 2nd period - Deflect By Kyle Turris.
6:36 of 2nd period - Stopped by Ryan Miller without a rebound.
6:37 of 2nd period - Kyle Turris wins face-off versus William Karlsson in Islanders zone.
6:38 of 2nd period - Backhand shot by Martin Samuelsson.
6:38 of 2nd period - Shot Misses the Net.
6:40 of 2nd period - Slapshot by Marc Staal.
6:40 of 2nd period - Stopped by Ryan Miller with a rebound.
6:42 of 2nd period - Snap shot by Martin Samuelsson.
6:42 of 2nd period - Shot Misses the Net.
7:16 of 2nd period - Slapshot by Ryan Ellis.
7:16 of 2nd period - Shot Misses the Net.
7:18 of 2nd period - Snap shot by Brock McGinn.
7:18 of 2nd period - Shot Misses the Net.
8:02 of 2nd period - Vladimir Tarasenko is hit by Vincent Trocheck and loses puck.
8:03 of 2nd period - Penalty to Bryan Little is over, Bryan Little is back on ice.
9:13 of 2nd period - Martin Samuelsson is hit by Andrew Shaw and loses puck.
10:08 of 2nd period - Michael Latta is hit by Martin Samuelsson and loses puck.
10:13 of 2nd period - Wrist shot by Luke Witkowski.
10:13 of 2nd period - Shot Misses the Net.
10:23 of 2nd period - Vincent Trocheck is hit by Ryan Ellis and loses puck.
10:52 of 2nd period - Icing by Nikita Zadorov.
10:53 of 2nd period - Vladimir Tarasenko wins face-off versus Charlie Coyle in Islanders zone.
10:53 of 2nd period - Vladimir Tarasenko is hit by James Van Riemsdyk.
11:07 of 2nd period - Slapshot by Vladimir Tarasenko.
11:07 of 2nd period - Stopped by Cam Ward without a rebound.
11:08 of 2nd period - William Karlsson wins face-off versus Bryan Little in Avalanche zone.
11:14 of 2nd period - Off-side.
11:15 of 2nd period - William Karlsson wins face-off versus Bryan Little in neutral zone.
11:34 of 2nd period - Snap shot by Rick Nash.
11:34 of 2nd period - Shot Misses the Net.
12:05 of 2nd period - Wrist shot by Rick Nash.
12:05 of 2nd period - Stopped by Cam Ward without a rebound.
12:06 of 2nd period - Frans Nielsen wins face-off versus Charlie Coyle in Avalanche zone.
12:20 of 2nd period - Wrist shot by Vladimir Tarasenko.
12:20 of 2nd period - Shot Blocked by Jack Johnson.
12:51 of 2nd period - Snap shot by Martin Samuelsson.
12:51 of 2nd period - Stopped by Ryan Miller without a rebound.
12:52 of 2nd period - Kyle Turris wins face-off versus Zac Rinaldo in Islanders zone.
12:55 of 2nd period - Snap shot by Kyle Turris.
12:55 of 2nd period - Shot Misses the Net.
12:57 of 2nd period - Slapshot by Mattias Ekholm.
12:57 of 2nd period - Stopped by Ryan Miller with a rebound.
12:59 of 2nd period - Snap shot by Kyle Turris.
12:59 of 2nd period - Shot Misses the Net.
13:01 of 2nd period - Snap shot by Kyle Turris.
13:01 of 2nd period - Shot Misses the Net.
13:03 of 2nd period - Snap shot by Luke Witkowski.
13:03 of 2nd period - Shot Blocked by Andrew Shaw.
13:05 of 2nd period - Snap shot by Martin Samuelsson.
13:05 of 2nd period - Shot Blocked by Yann Sauvé.
13:07 of 2nd period - Wrist shot by Mattias Ekholm.
13:07 of 2nd period - Stopped by Ryan Miller without a rebound.
13:08 of 2nd period - Bryan Little wins face-off versus Frans Nielsen in Islanders zone.
13:09 of 2nd period - Slapshot by Mikkel Boedker.
13:09 of 2nd period - Shot Misses the Net.
13:21 of 2nd period - Snap shot by Ryan Ellis.
13:21 of 2nd period - Stopped by Cam Ward with a rebound.
13:35 of 2nd period - William Karlsson is hit by James Van Riemsdyk.
14:00 of 2nd period - Snap shot by Vincent Trocheck.
14:00 of 2nd period - Stopped by Ryan Miller without a rebound.
14:01 of 2nd period - Frans Nielsen wins face-off versus Vincent Trocheck in Islanders zone.
14:08 of 2nd period - Vincent Trocheck is hit by Frans Nielsen and loses puck.
14:26 of 2nd period - Icing by Marc Staal.
14:27 of 2nd period - Bryan Little wins face-off versus William Karlsson in Avalanche zone.
14:40 of 2nd period - Wrist shot by Mikkel Boedker.
14:40 of 2nd period - Stopped by Ryan Miller without a rebound.
14:41 of 2nd period - Frans Nielsen wins face-off versus Charlie Coyle in Islanders zone.
14:59 of 2nd period - Minor Penalty to Brock McGinn for Hooking.
15:00 of 2nd period - Bryan Little wins face-off versus Vladimir Tarasenko in Islanders zone.
15:00 of 2nd period - Snap shot by Mikkel Boedker.
15:00 of 2nd period - Goal by Mikkel Boedker - Avalanche : 1 - Islanders : 0.
15:01 of 2nd period - Frans Nielsen wins face-off versus Bryan Little in neutral zone.
15:04 of 2nd period - Wrist shot by Brock McGinn.
15:04 of 2nd period - Deflect By Vladimir Tarasenko.
15:04 of 2nd period - Shot Misses the Net.
15:04 of 2nd period - Puck is out of play.
15:05 of 2nd period - Bryan Little wins face-off versus Brock McGinn in Avalanche zone.
15:15 of 2nd period - Snap shot by Bryan Little.
15:15 of 2nd period - Shot Blocked by Ryan Ellis.
15:21 of 2nd period - Backhand shot by Bryan Little.
15:21 of 2nd period - Shot Blocked by Yann Sauvé.
15:37 of 2nd period - Wrist shot by William Karlsson.
15:37 of 2nd period - Shot Blocked by James Van Riemsdyk.
15:39 of 2nd period - Slapshot by Ryan Ellis.
15:39 of 2nd period - Deflect By Rick Nash.
15:39 of 2nd period - Stopped by Cam Ward with a rebound.
15:41 of 2nd period - Snap shot by William Karlsson.
15:41 of 2nd period - Stopped by Cam Ward without a rebound.
15:42 of 2nd period - William Karlsson wins face-off versus Bryan Little in Avalanche zone.
16:16 of 2nd period - Snap shot by Brock McGinn.
16:16 of 2nd period - Shot Misses the Net.
16:38 of 2nd period - Slapshot by Pavel Buchnevich.
16:38 of 2nd period - Stopped by Ryan Miller with a rebound.
16:40 of 2nd period - Slapshot by Jack Johnson.
16:40 of 2nd period - Shot Blocked by Yann Sauvé.
16:42 of 2nd period - Wrist shot by Jack Johnson.
16:42 of 2nd period - Deflect By Yann Sauvé.
16:42 of 2nd period - Stopped by Ryan Miller without a rebound.
16:43 of 2nd period - Bryan Little wins face-off versus Frans Nielsen in Islanders zone.
16:56 of 2nd period - Mattias Ekholm is hit by Vladimir Tarasenko and loses puck.
17:09 of 2nd period - Pierre-Edouard Bellemare is hit by James Van Riemsdyk and loses puck.
17:38 of 2nd period - Snap shot by Pavel Buchnevich.
17:38 of 2nd period - Stopped by Ryan Miller without a rebound.
17:39 of 2nd period - Bryan Little wins face-off versus Frans Nielsen in Islanders zone.
17:44 of 2nd period - Snap shot by Mikkel Boedker.
17:44 of 2nd period - Shot Hit the Post.
17:46 of 2nd period - Snap shot by Ilya Kovalchuk.
17:46 of 2nd period - Shot Misses the Net.
17:48 of 2nd period - Slapshot by Jack Johnson.
17:48 of 2nd period - Shot Misses the Net.
17:50 of 2nd period - Backhand shot by Erik Karlsson.
17:50 of 2nd period - Stopped by Ryan Miller without a rebound.
17:51 of 2nd period - Bryan Little wins face-off versus Frans Nielsen in Islanders zone.
18:04 of 2nd period - Slapshot by Mikkel Boedker.
18:04 of 2nd period - Shot Misses the Net.
18:06 of 2nd period - Slapshot by Joel Edmundson.
18:06 of 2nd period - Deflect By Frans Nielsen.
18:06 of 2nd period - Stopped by Ryan Miller with a rebound.
18:08 of 2nd period - Snap shot by Ilya Kovalchuk.
18:08 of 2nd period - Stopped by Ryan Miller without a rebound.
18:09 of 2nd period - Charlie Coyle wins face-off versus William Karlsson in Islanders zone.
18:16 of 2nd period - Wrist shot by Charlie Coyle.
18:16 of 2nd period - Deflect By James Van Riemsdyk.
18:16 of 2nd period - Stopped by Ryan Miller with a rebound.
18:24 of 2nd period - Snap shot by Ryan Ellis.
18:24 of 2nd period - Stopped by Cam Ward with a rebound.
18:26 of 2nd period - Slapshot by Yann Sauvé.
18:26 of 2nd period - Stopped by Cam Ward with a rebound.
18:36 of 2nd period - Frans Nielsen is hit by Ilya Kovalchuk and loses puck.
18:57 of 2nd period - Snap shot by Marc Staal.
18:57 of 2nd period - Stopped by Ryan Miller without a rebound.
18:58 of 2nd period - Melker Karlsson wins face-off versus Vincent Trocheck in Islanders zone.
19:23 of 2nd period - Mikkel Boedker is hit by Yann Sauvé and loses puck.
19:32 of 2nd period - Snap shot by Vladimir Tarasenko.
19:32 of 2nd period - Shot Misses the Net.
19:34 of 2nd period - Slapshot by Fedor Tyutin.
19:34 of 2nd period - Stopped by Cam Ward without a rebound.
19:35 of 2nd period - Charlie Coyle wins face-off versus Frans Nielsen in Avalanche zone.
19:46 of 2nd period - Snap shot by Charlie Coyle.
19:46 of 2nd period - Shot Blocked by Nikita Zadorov.
19:48 of 2nd period - Wrist shot by James Van Riemsdyk.
19:48 of 2nd period - Shot Misses the Net.
19:50 of 2nd period - Wrist shot by Charlie Coyle.
19:50 of 2nd period - Deflect By Evgeny Dadonov.
19:50 of 2nd period - Stopped by Ryan Miller without a rebound.
19:51 of 2nd period - Bryan Little wins face-off versus William Karlsson in Islanders zone.
Goals for this period are 1 for Avalanche vs 0 for Islanders.
Shots for this period are 18 for Avalanche vs 13 for Islanders.
3rd period
0:01 of 3rd period - Charlie Coyle wins face-off versus Frans Nielsen in neutral zone.
0:56 of 3rd period - Wrist shot by Sergei Plotnikov.
0:56 of 3rd period - Stopped by Cam Ward without a rebound.
0:57 of 3rd period - Frans Nielsen wins face-off versus Bryan Little in Avalanche zone.
1:26 of 3rd period - Snap shot by James Van Riemsdyk.
1:26 of 3rd period - Shot Blocked by Yann Sauvé.
1:52 of 3rd period - Wrist shot by Tomas Fleischmann.
1:52 of 3rd period - Stopped by Ryan Miller with a rebound.
2:28 of 3rd period - Snap shot by Rick Nash.
2:28 of 3rd period - Stopped by Cam Ward without a rebound.
2:29 of 3rd period - William Karlsson wins face-off versus Charlie Coyle in Avalanche zone.
2:34 of 3rd period - Snap shot by Rick Nash.
2:34 of 3rd period - Stopped by Cam Ward with a rebound.
2:36 of 3rd period - Slapshot by Marc-Édouard Vlasic.
2:36 of 3rd period - Shot Blocked by Colten Teubert.
2:56 of 3rd period - Frans Nielsen is hit by Joel Edmundson and loses puck.
3:30 of 3rd period - Wrist shot by Melker Karlsson.
3:30 of 3rd period - Stopped by Cam Ward with a rebound.
3:42 of 3rd period - Snap shot by Rick Nash.
3:42 of 3rd period - Stopped by Cam Ward with a rebound.
3:44 of 3rd period - Snap shot by William Karlsson.
3:44 of 3rd period - Goal by William Karlsson - Avalanche : 1 - Islanders : 1.
3:45 of 3rd period - Bryan Little wins face-off versus Frans Nielsen in neutral zone.
4:11 of 3rd period - Icing by Vladimir Tarasenko.
4:12 of 3rd period - William Karlsson wins face-off versus Charlie Coyle in Islanders zone.
4:26 of 3rd period - Wrist shot by James Van Riemsdyk.
4:26 of 3rd period - Stopped by Ryan Miller with a rebound.
4:28 of 3rd period - Slapshot by Mattias Ekholm.
4:28 of 3rd period - Shot Blocked by Yann Sauvé.
4:39 of 3rd period - Off-side.
4:40 of 3rd period - Bryan Little wins face-off versus Frans Nielsen in neutral zone.
4:48 of 3rd period - Icing by Frans Nielsen.
4:49 of 3rd period - Charlie Coyle wins face-off versus Frans Nielsen in Islanders zone.
4:56 of 3rd period - Wrist shot by Evgeny Dadonov.
4:56 of 3rd period - Stopped by Ryan Miller without a rebound.
4:57 of 3rd period - Charlie Coyle wins face-off versus Frans Nielsen in Islanders zone.
5:02 of 3rd period - Slapshot by Charlie Coyle.
5:02 of 3rd period - Shot Blocked by Yann Sauvé.
5:04 of 3rd period - Wrist shot by Charlie Coyle.
5:04 of 3rd period - Deflect By James Van Riemsdyk.
5:04 of 3rd period - Shot Misses the Net.
5:04 of 3rd period - Puck is out of play.
5:05 of 3rd period - Frans Nielsen wins face-off versus Bryan Little in Islanders zone.
5:05 of 3rd period - Frans Nielsen is hit by Mikkel Boedker.
5:11 of 3rd period - Slapshot by Ryan Ellis.
5:11 of 3rd period - Deflect By Frans Nielsen.
5:11 of 3rd period - Shot Misses the Net.
5:11 of 3rd period - Puck is out of play.
5:12 of 3rd period - Frans Nielsen wins face-off versus Bryan Little in Avalanche zone.
5:45 of 3rd period - Snap shot by James Van Riemsdyk.
5:45 of 3rd period - Stopped by Ryan Miller without a rebound.
5:46 of 3rd period - Pierre-Edouard Bellemare wins face-off versus James Van Riemsdyk in Islanders zone.
5:46 of 3rd period - Pierre-Edouard Bellemare is hit by Jack Johnson.
6:36 of 3rd period - Icing by Charlie Coyle.
6:37 of 3rd period - Charlie Coyle wins face-off versus Frans Nielsen in Avalanche zone.
6:51 of 3rd period - Slapshot by Yann Sauvé.
6:51 of 3rd period - Shot Misses the Net.
6:53 of 3rd period - Snap shot by Frans Nielsen.
6:53 of 3rd period - Goal by Frans Nielsen - Avalanche : 1 - Islanders : 2.
6:54 of 3rd period - Bryan Little wins face-off versus Frans Nielsen in neutral zone.
6:57 of 3rd period - Backhand shot by Marc Staal.
6:57 of 3rd period - Stopped by Ryan Miller with a rebound.
7:01 of 3rd period - Snap shot by Ilya Kovalchuk.
7:01 of 3rd period - Shot Misses the Net.
7:11 of 3rd period - Wrist shot by Mikkel Boedker.
7:11 of 3rd period - Goal by Mikkel Boedker - Avalanche : 2 - Islanders : 2.
7:12 of 3rd period - Bryan Little wins face-off versus Frans Nielsen in neutral zone.
7:20 of 3rd period - Wrist shot by Mikkel Boedker.
7:20 of 3rd period - Shot Misses the Net.
7:24 of 3rd period - Slapshot by Mikkel Boedker.
7:24 of 3rd period - Shot Misses the Net.
7:26 of 3rd period - Snap shot by Bryan Little.
7:26 of 3rd period - Shot Misses the Net.
7:28 of 3rd period - Snap shot by Joel Edmundson.
7:28 of 3rd period - Shot Blocked by Brock McGinn.
7:38 of 3rd period - Colten Teubert is hit by Yann Sauvé and loses puck.
8:04 of 3rd period - Jack Johnson is hit by Pierre-Edouard Bellemare and loses puck.
8:33 of 3rd period - Slapshot by Craig Smith.
8:33 of 3rd period - Stopped by Cam Ward without a rebound.
8:34 of 3rd period - Frans Nielsen wins face-off versus Bryan Little in Avalanche zone.
9:01 of 3rd period - Evgeny Dadonov is hit by Yann Sauvé.
9:27 of 3rd period - Wrist shot by Andrew Shaw.
9:27 of 3rd period - Stopped by Cam Ward with a rebound.
9:35 of 3rd period - Slapshot by Andrew Shaw.
9:35 of 3rd period - Shot Misses the Net.
9:41 of 3rd period - Minor Penalty to Martin Samuelsson for Hooking.
9:42 of 3rd period - Frans Nielsen wins face-off versus Charlie Coyle in Avalanche zone.
9:57 of 3rd period - Snap shot by Vladimir Tarasenko.
9:57 of 3rd period - Shot Misses the Net.
11:07 of 3rd period - Vladimir Tarasenko is hit by James Van Riemsdyk and loses puck.
11:41 of 3rd period - Penalty to Martin Samuelsson is over, Martin Samuelsson is back on ice.
11:46 of 3rd period - William Karlsson is hit by Bryan Little and loses puck.
13:04 of 3rd period - Fedor Tyutin is hit by James Van Riemsdyk and loses puck.
13:28 of 3rd period - Brock McGinn is hit by Joel Edmundson.
14:00 of 3rd period - Ryan Ellis is hit by Erik Karlsson and loses puck.
14:22 of 3rd period - Melker Karlsson is hit by Tomas Fleischmann.
14:45 of 3rd period - Michael Latta is hit by Joel Edmundson and loses puck.
15:15 of 3rd period - Melker Karlsson is hit by Bryan Little and loses puck.
15:22 of 3rd period - Craig Smith is hit by Bryan Little and loses puck.
15:29 of 3rd period - Wrist shot by Mikkel Boedker.
15:29 of 3rd period - Shot Misses the Net.
15:31 of 3rd period - Wrist shot by Mattias Ekholm.
15:31 of 3rd period - Deflect By Marc-Édouard Vlasic.
15:31 of 3rd period - Stopped by Ryan Miller with a rebound.
16:15 of 3rd period - Wrist shot by Bryan Little.
16:15 of 3rd period - Goal by Bryan Little - Avalanche : 3 - Islanders : 2.
16:16 of 3rd period - Frans Nielsen wins face-off versus Vincent Trocheck in neutral zone.
16:16 of 3rd period - Yann Sauvé is hit by Pavel Buchnevich and loses puck.
17:08 of 3rd period - Minor Penalty to Zac Rinaldo for Hooking.
17:09 of 3rd period - Charlie Coyle wins face-off versus Vladimir Tarasenko in Islanders zone.
17:23 of 3rd period - Icing by Evgeny Dadonov.
17:24 of 3rd period - Vladimir Tarasenko wins face-off versus Charlie Coyle in Avalanche zone.
17:58 of 3rd period - Icing by Evgeny Dadonov.
17:59 of 3rd period - Charlie Coyle wins face-off versus Vladimir Tarasenko in Avalanche zone.
18:16 of 3rd period - Slapshot by Erik Karlsson.
18:16 of 3rd period - Stopped by Ryan Miller with a rebound.
18:18 of 3rd period - Slapshot by Erik Karlsson.
18:18 of 3rd period - Shot Blocked by Frans Nielsen.
18:20 of 3rd period - Slapshot by Jack Johnson.
18:20 of 3rd period - Stopped by Ryan Miller with a rebound.
18:22 of 3rd period - Wrist shot by James Van Riemsdyk.
18:22 of 3rd period - Stopped by Ryan Miller without a rebound.
18:23 of 3rd period - Bryan Little wins face-off versus Vladimir Tarasenko in Islanders zone.
18:40 of 3rd period - Wrist shot by Ilya Kovalchuk.
18:40 of 3rd period - Goal by Ilya Kovalchuk - Avalanche : 4 - Islanders : 2.
18:41 of 3rd period - Vincent Trocheck wins face-off versus Melker Karlsson in neutral zone.
19:08 of 3rd period - Brock McGinn is hit by Kyle Turris and loses puck.
19:15 of 3rd period - Snap shot by Martin Samuelsson.
19:15 of 3rd period - Shot Blocked by Frans Nielsen.
19:17 of 3rd period - Snap shot by Martin Samuelsson.
19:17 of 3rd period - Deflect By Luke Witkowski.
19:17 of 3rd period - Stopped by Ryan Miller with a rebound.
Goals for this period are 3 for Avalanche vs 2 for Islanders.
Shots for this period are 13 for Avalanche vs 9 for Islanders.